 Dungeon Crawl Stone Soup version 0.31-a0-986-g5e6e4ef867 (webtiles) character file.

Game seed: 15266541255273195858

62955 themarg the Fighter (level 14, -8/157 HPs)
             Began as a Troll Fighter on Nov 8, 2023.
             Was the Champion of Wu Jian.
             Mangled by an orc knight
             ... wielding a +0 trident
              (11 damage)
             ... in a bailey on Nov 11, 2023.
             The game lasted 01:14:55 (15160 turns).

themarg the Fighter (Troll Fighter)                Turns: 15160, Time: 01:14:55

Health: -8/157     AC: 13    Str: 37    XL:     14   Next: 66%
Magic:  22/22      EV:  9    Int:  4    God:    Wu Jian [******]
Gold:   906        SH: 13    Dex:  9    Spells: 13/13 levels left

rFire   + +          +
                       - Unarmed
rCold   + . .        b - +2 kite shield
rNeg    . . .        a - +0 fire dragon scales
rPois   .            M - +2 hat
rElec   +            (no cloak)
rCorr   .            (gloves unavailable)
SInv    .            (boots unavailable)
Will    +....        Q - amulet of regeneration Stlth
                     l - +6 ring of strength
HPRegen 2.06/turn    L - ring "Ozoni" {Contam rElec rF+ rC++ MP+9}
MPRegen 0.18/turn

%: no passive effects
@: mighty, studying Transmutations, invisible
A: large, unfitting armour, claws 3, regeneration 1, shaggy fur 1, tough skin 1
a: Renounce Religion, Wall Jump, Serpent's Lash, Heavenly Storm


You were in a bailey.
You worshipped Wu Jian.
Wu Jian was exalted by your worship.
You visited 3 branches of the dungeon, and saw 16 of its levels.
You also visited: Sewer, Bailey and Gauntlet.

You collected 1038 gold pieces.
You spent 132 gold pieces at shops.

Inventory:

Hand Weapons
 N - the +10 morningstar "Eos" {elec, Halo rElec}
   (You found it on level 8 of the Dungeon)

   Halo:      It grants its wielder a halo, revealing invisible creatures and
   increasing accuracy against all within it other than the wielder.
   rElec:     It insulates you from electricity.
Missiles
 t - 11 poisoned darts
 u - 11 boomerangs (quivered)
 H - 6 silver javelins
 Y - 2 javelins
Armour
 a - +0 fire dragon scales (worn)
 b - a +2 kite shield (worn)
 M - a +2 hat (worn)
Jewellery
 l - a +6 ring of strength (left claw)
 L - the ring "Ozoni" (right claw) {Contam rElec rF+ rC++ MP+9}
   (You found it on level 8 of the Dungeon)

   [ring of protection from fire]

   rF+:       It protects you from fire.
   rC++:      It greatly protects you from cold.
   rElec:     It insulates you from electricity.
   MP+9:      It affects your magic capacity (+9).
   Contam:    It causes magical contamination when unequipped.
 Q - an amulet of regeneration (around neck)
Wands
 r - a wand of paralysis (28)
 y - a wand of polymorph (9)
 B - a wand of flame (24)
 G - a wand of digging (5)
 O - a wand of quicksilver (7)
 X - a wand of mindburst (14)
Scrolls
 e - 7 scrolls of teleportation
 i - 2 scrolls of poison
 j - 4 scrolls of amnesia
 n - 5 scrolls of vulnerability
 p - a scroll of silence {unknown}
 q - 3 scrolls of fear
 s - 2 scrolls of immolation
 z - a scroll of brand weapon
 E - 2 scrolls of blinking
 F - a scroll of enchant weapon
 J - 5 scrolls of revelation
 P - 3 scrolls of fog
 R - a scroll of torment {unknown}
Potions
 c - 2 potions of might
 h - 4 potions of mutation
 o - a potion of ambrosia {unknown}
 v - 7 potions of curing
 w - 3 potions of heal wounds
 x - 8 potions of brilliance
 A - a potion of berserk rage {unknown}
 C - 4 potions of lignification
 K - a potion of haste {unknown}
 T - a potion of cancellation {unknown}
 U - a potion of invisibility
Miscellaneous
 d - a phantom mirror
 I - a phial of floods
 Z - a tin of tremorstones (1/2)


   Skills:
 * Level 14.6 Fighting
 - Level 6.0 Throwing
 - Level 5.0 Armour
 - Level 5.0 Dodging
 - Level 12.0 Shields
 - Level 12.0 Unarmed Combat
 + Level 1.1 Evocations


You had 13 spell levels left.
You didn't know any spells.
Your spell library contained the following spells:

 Spells                   Type           Power      Damage    Failure   Level
 Foxfire                  Conj/Fire      0%         2x1d4     85%         1
 Necrotise                Necr           0%         1d4       85%         1
 Shock                    Conj/Air       0%         1d3       85%         1
 Summon Small Mammal      Summ           0%         N/A       85%         1
 Cigotuvi's Dreadful Rot  Necr/Pois/Air  0%         N/A       94%         2
 Passwall                 Tmut/Erth      0%         N/A       94%         2
 Call Canine Familiar     Summ           0%         N/A       99%         3
 Summon Guardian Golem    Hex/Summ       0%         N/A       99%         3
 Swiftness                Air            0%         N/A       99%         3
 Tukima's Dance           Hex            0%         N/A       99%         3
 Vampiric Draining        Necr           0%         2d6       99%         3
 Airstrike                Air            0%         2d(0-16)  100%        4
 Dimensional Bullseye     Hex/Tloc       0%         N/A       100%        4
 Dispel Undead            Necr           0%         3d6       100%        4
 Flame Wave               Conj/Fire      0%         2d4       100%        4
 Iskenderun's Mystic Bla  Conj/Tloc      0%         2d3       100%        4
 Summon Ice Beast         Ice/Summ       0%         N/A       100%        4
 Agony                    Necr           0%         N/A       100%        5
 Alistair's Intoxication  Tmut/Pois      0%         N/A       100%        5
 Borgnjor's Vile Clutch   Necr/Erth      0%         N/A       100%        5
 Lee's Rapid Deconstruct  Erth           0%         3d4*      100%        5
 Death Channel            Necr           0%         N/A       100%        6
 Eringya's Noxious Bog    Tmut/Pois      0%         4d6       100%        6
 Plasma Beam              Fire/Air       0%         2x1d10    100%        6
 Simulacrum               Ice/Necr       0%         N/A       100%        6
 Starburst                Conj/Fire      0%         6d3       100%        6
 Orb of Destruction       Conj           0%         9d5       100%        7


Dungeon Overview and Level Annotations

Branches:
Dungeon (10/15)            Temple (1/1) D:4            Lair (5/5) D:8
 Shoals (0/4) Lair:2        Snake (0/4) Lair:2        Slime (0/5) Lair:5
  Sewer (visited)          Bailey (1/1)             Gauntlet (visited)
    Orc: D:9-12

Altars:
Cheibriados
Dithmenos
Elyvilon
Fedhas
Gozag
Hepliaklqana
Kikubaaqudgha
Makhleb
Nemelex Xobeh
Okawaru
Qazlal
Ru
Sif Muna
Trog
Uskayaw
Wu Jian
Yredelemnul
Zin
The Shining One

Shops:
D:4 !   D:7 *   D:10 (

Portals:
Hell: Lair:5


Innate Abilities, Weirdness & Mutations

You are too large for most types of armour.
You have claws for hands.
Your natural rate of healing is unusually fast.
You are covered in fur. (AC +1)
You have tough skin. (AC +1)


Message History

You block the orc knight's attack. The orc warrior barely misses you.
The orc knight barely misses you.
You feel very mighty all of a sudden. The orc knight closely misses you.
The orc warrior hits you with a +0 glaive!
* * * LOW HITPOINT WARNING * * *
The orc knight hits you with a +0 trident!!
* * * LOW HITPOINT WARNING * * *
You feel much better. The orc knight barely misses you.
The orc warrior hits you with a +0 glaive!!
* * * LOW HITPOINT WARNING * * *
You block the orc knight's attack.
You see here a +2 vampiric broad axe.
You mangle the orc warrior!!
You kill the orc warrior!
The Council accepts your kill.
Your tin of tremorstones (1/2) has regained one charge.
Your life force feels restored.
You lunge at the orc knight.
You claw the orc knight!
The orc knight is almost dead.
You block the orc knight's attack. x2
There is an open door, spattered with blood here.
Things that are here:
a +0 glaive; a +0 chain mail; an orc corpse You barely miss the orc knight.
The orc knight is almost dead.
The orc knight hits you but does no damage.
You closely miss the orc knight.
The orc knight is almost dead.
The orc knight hits you with a +0 glaive!!
* * * LOW HITPOINT WARNING * * *
You block the orc knight's attack.
You see here a +2 vampiric broad axe.
There is an open gate here.
Okay, then.
You feel much better.
The orc knight hits you with a +0 glaive!!
* * * LOW HITPOINT WARNING * * *
The orc knight hits you from afar with a +0 trident!
You die...

.~~~~~~~~##~~#'#'#~~##~~~~~~~~...
.~~~~~~~~#~~##)#)##~~#~~~~~~~~...
.~~~~~~~##~#########~##~~~~~~~...
.~~~~~~~##~')#:.?#)'~##~~~~~~~...
.~~~~~~~##~###.8.###~##~~~~~~~...
.~~~~~~~##~')#...#)'~##~~~~~~~...
.~~~~~~~##~####o####~##~~~~~~~...
.~~~~~~~##~~##∩o∩##~~#~~~~~~~~...
.~~~~~~~~~~~##''@#~~##~~~~~~)~...
.~~~~~~~~~~~##~~~~~##~~~~~~~~~...
.~≈≈~≈≈≈~~~~##~~~~##~~~≈≈≈)≈≈~...
.≈≈#.##≈~~~~#######~~~~≈##)#≈≈...
.≈##.∩#≈~~~~~~~~~~~~~~~≈#∩)##≈...
.≈#....)~~~~~~~~~~~~~~~~....#≈...
.≈##.##≈)~~~~~~~~~~~~~~≈##.##≈...
.≈≈###≈≈~~~~~~~~~~~~~~~≈≈###≈≈...
.~≈≈≈≈≈~~~~~~~~~~~~~~~~~≈≈≈≈≈~...


You could see 2 orc knights.

Vanquished Creatures
  Gastronok (Lair:2)
  Kirke (Lair:5)
  A minotaur (Gauntlet)
  Snorg (Lair:3)
  Erica (D:8)
  10 hydras
  5 boulder beetles
  A catoblepas (Lair:4)
  13 death yaks
  A tengu warrior (Gauntlet)
  An occultist (Lair:5)
  2 death scarabs (Gauntlet)
  A soul eater (Gauntlet)
  A sun demon (Lair:5)
  A skeletal warrior (D:8)
  2 skysharks (Lair:4)
  A spectral hydra (Gauntlet)
  3 lindwurms
  10 elephants
  A smoke demon (Lair:5)
  3 orange demons (Lair:5)
  2 black mambas
  A torpor snail (Lair:4)
  16 cane toads
  7 rime drakes
  13 komodo dragons
  A tengu conjurer (Gauntlet)
  2 red devils (Lair:5)
  A troll (D:9)
  A polar bear (Lair:2)
  A hornet (D:9)
  10 blink frogs
  A shadow (D:9)
  10 wyverns
  3 wraiths (D:8)
  23 yaks
  2 hogs (Lair:5)
  7 basilisks
  3 redbacks (D:8)
  Grum (D:8)
  2 steam dragons
  Menkaure (D:5)
  2 spectral cane toads (Gauntlet)
  3 nagas (Lair:2)
  22 water moccasins
  4 hell hounds (Lair:5)
  12 orc warriors
  An ice beast (D:7)
  A sky beast (D:4)
  2 black bears
  4 ogres
  14 wolves
  4 centaurs
  A kobold brigand (D:6)
  4 scorpions
  20 bullfrogs
  A gnoll sergeant (D:7)
  3 electric eels (D:8)
  3 lava snakes (D:8)
  2 howler monkeys
  A quasit (D:10)
  4 orc priests
  A gnoll bouda (D:5)
  A hound (D:5)
  A jelly (D:8)
  3 sleepcaps
  6 orc wizards
  2 iguanas
  18 gnolls
  11 adders
  2 shadow imps (Gauntlet)
  2 white imps
  3 worms
  4 dart slugs
  45 orcs
  4 endoplasms
  11 giant cockroaches
  25 goblins
  10 hobgoblins
  3 jackals (D:1)
  16 kobolds
  8 quokkas
  9 ball pythons
  8 bats
  7 frilled lizards
  9 rats
486 creatures vanquished.

Notes
Turn   | Place    | Note
-------+----------+-------------------------------------------
     0 | D:1      | themarg the Troll Fighter began the quest for the Orb.
     0 | D:1      | Reached XP level 1. HP: 22/22 MP: 0/0
    73 | D:1      | Reached XP level 2. HP: 28/29 MP: 1/1
   324 | D:1      | Reached XP level 3. HP: 36/36 MP: 2/2
   405 | D:1      | Reached skill level 3 in Fighting
   904 | D:2      | Reached XP level 4. HP: 32/45 MP: 3/3
  1663 | D:3      | Found a hide-covered altar of Uskayaw.
  1793 | D:4      | Found Song's Distillery.
  1796 | D:4      | Bought a potion of curing for 36 gold pieces
  1796 | D:4      | Bought a potion of heal wounds for 60 gold pieces
  1863 | D:4      | Found an ornate altar of the Wu Jian Council.
  1885 | D:4      | Became a worshipper of the Wu Jian Council
  1960 | D:4      | Noticed a sky beast
  2036 | D:4      | Noticed a scorpion
  2053 | D:4      | Killed a scorpion
  2054 | D:4      | Reached XP level 5. HP: 54/54 MP: 4/4
  2078 | D:4      | Identified the +1 spear of Koovy {protect, rF+ Stlth+}
  2160 | D:4      | Killed a sky beast
  2161 | D:4      | Reached skill level 4 in Fighting
  2161 | D:4      | Reached XP level 6. HP: 62/62 MP: 5/5
  2273 | D:4      | Reached * piety under Wu Jian
  2438 | D:4      | Found a staircase to the Ecumenical Temple.
  2450 | Temple   | Entered the Ecumenical Temple
  2533 | D:4      | Bought a potion of lignification for 36 gold pieces
  2536 | D:5      | Entered Level 5 of the Dungeon
  2643 | D:5      | Found a glowing golden altar of the Shining One.
  2815 | D:5      | Found a glowing drain.
  2824 | D:5      | Identified the +0 robe of the Grinning Gods {rPois rC+
                  | Dex+4 Stlth+}
  2867 | Sewer    | Entered a sewer
  2891 | Sewer    | Reached XP level 7. HP: 71/71 MP: 6/6
  3015 | Sewer    | Reached skill level 5 in Unarmed Combat
  3182 | D:5      | Reached skill level 5 in Fighting
  3286 | D:5      | Reached ** piety under Wu Jian
  3301 | D:5      | Noticed Menkaure
  3624 | D:5      | Killed Menkaure
  3707 | D:6      | Found a shadowy altar of Dithmenos.
  3715 | D:6      | Reached XP level 8. HP: 80/80 MP: 7/7
  3723 | D:6      | Reached skill level 5 in Shields
  4110 | D:6      | Found a hazy altar of Hepliaklqana.
  4142 | D:7      | Found Zin's Purification Station.
  4146 | D:7      | Found a glowing silver altar of Zin.
  4293 | D:7      | Reached XP level 9. HP: 62/88 MP: 8/8
  4366 | D:7      | Reached skill level 10 in Unarmed Combat
  4450 | D:7      | Found the +5 woodcutter's axe
  4912 | D:8      | Found a bloodstained altar of Trog.
  4918 | D:8      | Noticed Grum
  4929 | D:8      | Killed Grum
  4939 | D:8      | Reached *** piety under Wu Jian
  5060 | D:8      | Found a runed translucent door.
  5067 | D:8      | Found the +10 morningstar "Eos" {elec, Halo rElec}
  5246 | D:8      | Identified the +5 long sword "Wushath" {venom, rC- Int+2
                  | Dex+8}
  5310 | D:8      | Reached skill level 6 in Fighting
  5352 | D:8      | Noticed a komodo dragon
  5358 | D:8      | Killed a komodo dragon
  5435 | D:8      | Noticed a komodo dragon
  5444 | D:8      | Killed a komodo dragon
  5445 | D:8      | Reached skill level 5 in Dodging
  5456 | D:8      | Reached skill level 7 in Fighting
  5488 | D:8      | Noticed a komodo dragon
  5496 | D:8      | Killed a komodo dragon
  5497 | D:8      | Reached XP level 10. HP: 102/102 MP: 9/9
  5498 | D:8      | Found a staircase to the Lair.
  5691 | D:8      | Found a runed translucent gate.
  5691 | D:8      | Found a runed translucent gate.
  5691 | D:8      | Found a runed translucent gate.
  5691 | D:8      | Found a runed translucent gate.
  5691 | D:8      | Noticed a boulder beetle
  5693 | D:8      | Found a runed translucent gate.
  5693 | D:8      | Noticed a boulder beetle
  5694 | D:8      | Found a runed translucent gate.
  5694 | D:8      | Noticed a lindwurm
  5827 | Bailey   | Identified the "Dabeps"
  5827 | D:11     | Identified the "Pagae"
  5827 | D:11     | Identified the of Urakhly
  5827 | D:11     | Identified the "Opesocve"
  5827 | D:11     | Identified the "Uviet"
  5827 | D:11     | Identified the of Desomok
  5827 | D:11     | Identified the "Segra"
  5827 | Lair:1   | Entered Level 1 of the Lair of Beasts
  5887 | Lair:1   | Reached skill level 8 in Fighting
  6067 | Lair:1   | Noticed a cane toad
  6078 | Lair:1   | Killed a cane toad
  6695 | Lair:2   | Noticed Gastronok
  6698 | Lair:2   | Noticed a cane toad
  6709 | Lair:2   | Killed a cane toad
  6710 | Lair:2   | Reached skill level 9 in Fighting
  6716 | Lair:2   | Killed Gastronok
  6717 | Lair:2   | Reached XP level 11. HP: 76/117 MP: 10/10
  6818 | Lair:2   | Found a staircase to the Snake Pit.
  6835 | Lair:2   | Reached skill level 10 in Fighting
  6843 | Lair:2   | Reached **** piety under Wu Jian
  6927 | Lair:2   | Noticed a death yak
  6938 | Lair:2   | Reached skill level 1 in Throwing
  6943 | Lair:2   | Reached skill level 1 in Evocations
  6967 | Lair:2   | Noticed a death yak
  6977 | Lair:2   | Noticed a death yak
  7115 | Lair:2   | Noticed a death yak
  7321 | Lair:1   | Killed a death yak
  7353 | Lair:1   | Killed a death yak
  7370 | Lair:2   | Noticed a death yak
  7378 | Lair:1   | Killed a death yak
  7463 | Lair:2   | Found a staircase to the Shoals.
  7481 | Lair:2   | Noticed an eight-headed hydra
  7490 | Lair:2   | Killed an eight-headed hydra
  7705 | Lair:2   | Reached skill level 1 in Armour
  8071 | Lair:1   | Killed a death yak
  8080 | Lair:2   | Killed a death yak
  8212 | Lair:3   | Noticed a four-headed hydra
  8221 | Lair:3   | Killed a four-headed hydra
  8222 | Lair:3   | Reached XP level 12. HP: 50/126 MP: 11/11
  8624 | Lair:3   | Noticed a four-headed hydra
  8630 | Lair:3   | Killed a four-headed hydra
  8743 | Lair:3   | Reached ***** piety under Wu Jian
  8765 | Lair:3   | Noticed a five-headed hydra
  8773 | Lair:3   | Killed a five-headed hydra
  8774 | Lair:3   | Reached skill level 5 in Armour
  9269 | Lair:4   | Noticed a seven-headed hydra
  9272 | Lair:4   | Noticed a catoblepas
  9352 | Lair:4   | Noticed a death yak
  9352 | Lair:4   | Noticed a death yak
  9352 | Lair:4   | Noticed a death yak
  9362 | Lair:4   | Noticed Snorg
  9365 | Lair:4   | Noticed a death yak
  9491 | Lair:4   | Reached skill level 10 in Shields
  9819 | Lair:3   | Reached skill level 5 in Throwing
  9876 | Lair:3   | Killed Snorg
  9905 | Lair:4   | Killed a seven-headed hydra
  9975 | Lair:4   | Killed a catoblepas
 10034 | Lair:4   | Killed a death yak
 10035 | Lair:4   | Reached XP level 13. HP: 74/135 MP: 12/12
 10252 | Lair:4   | Reached skill level 11 in Fighting
 10705 | Lair:4   | Reached skill level 12 in Fighting
 11255 | Gauntlet | Identified the of Publycah
 11255 | Gauntlet | Identified the "Rontafakk"
 11255 | Lair:5   | Entered Level 5 of the Lair of Beasts
 11485 | Lair:5   | Found a gate leading to a gauntlet.
 11498 | Gauntlet | Entered a Gauntlet
 11498 | Gauntlet | Found a transporter.
 11498 | Gauntlet | Found a transporter.
 11519 | Gauntlet | Found a transporter.
 11522 | Gauntlet | Found a transporter.
 11522 | Gauntlet | Found a transporter.
 11532 | Gauntlet | Found a transporter.
 11536 | Gauntlet | Found a transporter.
 11552 | Gauntlet | Found a transporter.
 11553 | Gauntlet | Found a transporter.
 11570 | Gauntlet | Found a transporter.
 11574 | Gauntlet | Found a transporter.
 11633 | Gauntlet | Found a transporter.
 11995 | Gauntlet | Identified the +2 barding "Eturath" {Slay+3}
 12008 | Gauntlet | Noticed a minotaur
 12023 | Gauntlet | Killed a minotaur
 12036 | Gauntlet | Identified the +3 leather armour of the Hot Ocelot {rCorr}
 12219 | Lair:5   | Found a staircase to the Slime Pits.
 12231 | Lair:5   | Noticed Kirke
 12325 | Lair:5   | Reached XP level 14. HP: 99/150 MP: 13/13
 12568 | Lair:5   | Killed Kirke
 12652 | Lair:5   | Reached skill level 13 in Fighting
 12784 | Lair:5   | Reached ****** piety under Wu Jian
 13053 | Lair:5   | Found a burning altar of Makhleb.
 13197 | Lair:5   | Found a gateway to Hell.
 13667 | D:8      | Reached skill level 14 in Fighting
 13715 | D:8      | Identified the ring "Ozoni" {Contam rElec rF+ rC++ MP+9}
 13913 | D:8      | Found the +5 scythe "Finisher" {speed, execute}
 13916 | D:8      | Noticed Erica
 13938 | D:8      | Killed Erica
 14120 | D:9      | Found a white marble altar of Elyvilon.
 14294 | D:9      | Found the +6 shillelagh "Devastator" {shatter}
 14852 | D:10     | Entered Level 10 of the Dungeon
 14869 | D:10     | Found Qalaph's Weapon Boutique.
 14887 | D:10     | Found a flagged portal.
 14912 | Bailey   | Entered a bailey
 15157 | Bailey   | HP: 2/157 [orc knight/+0 glaive (23)]
 15160 | Bailey   | Mangled by an orc knight

Illustrated notes

Levels and vault maps discovered:
D:1:      roadster_arrival_rocket_small, layout_rooms, minmay_box_of_dots
D:2:      layout_basic, kennysheep_generic_room_12
D:3:      layout_rooms, lemuel_doored_altar, minmay_statues_item
D:4:      cheibrodos_greedy_goblins, layout_basic, kennysheep_mini,
          minmay_temple_entry_trees, nicolae_stop_n_shop_2,
          kennysheep_opposing_triangles
D:5:      layout_loops_cross, lemuel_crystal_altar, gup_sewer_entry_glass,
          serial_glass, glass_columns_a, glass_columns_b,
          minmay_misc_feat_hallway, uniq_menkaure
D:6:      layout_rooms, nzn_hepliaklqana_mist_gate,
          mainiacjoe_overflow_surrounded_room
D:7:      layout_loops_ring, zin_purify
D:8:      gammafunk_indiana_jones, layout_rooms, bloody_trog, erik_lair_dragon,
          corexii_corridor_pit, serial_bayou_ford_a,
          minmay_guarded_unrand_finisher, uniq_erica, uniq_grum
D:9:      layout_long_grid, mainiacjoe_overflow_24_doors, special_room
          [special_room_orc]
D:10:     layout_stronghold, grunt_temple_overflow_diamond, enter_bailey_5,
          serial_demonic, serial_demonic_d, serial_demonic_f, serial_demonic_g,
          serial_demonic_a, serial_shops, shop, nicolae_shop_just_a_little_nook,
          chequers_serial_rivers_room_b, minmay_bent
Temple:   nicolae_temple_bog_church
Lair:1:   layout_chaotic_city, lemuel_fruit_tree
Lair:2:   layout_loops_ring, shoals_dummy_entry,
          minmay_snake_entry_guardpost_small, serial_bayou_shore_b,
          grunt_megastairs_4, uniq_gastronok
Lair:3:   layout_cave_pods
Lair:4:   layout_roguey, nzn_random_ring, grunt_megastairs_3, uniq_snorg
Lair:5:   evil_forest, layout_cave_pods, slime_entry_1, gauntlet_entry_generic,
          uniq_kirke
Bailey:   bailey_polearm_2, bailey

Skill      XL: |  1  2  3  4  5  6  7  8  9 10 11 12 13 14 |
---------------+-------------------------------------------+-----
Shields        | 3 4 5 7 8 10 11 12 | 12.0
Fighting       | 3 4 5 7 9 10 12 14 | 14.6
Unarmed Combat | 3 4 6 9 10 12 | 12.0
Dodging        | 5 |  5.0
Throwing       | 3 6 |  6.0
Evocations     | 1 |  1.1
Armour         | 3 5 |  5.0

Action                     |  1- 3 |  4- 6 |  7- 9 | 10-12 | 13-15 || total
---------------------------+-------+-------+-------+-------+-------++-------
  Melee: Unarmed           |   113 |   178 |   238 |   356 |   615 ||  1500
         Morningstar       |       |       |       |    18 |    25 ||    43
  Throw: Dart              |       |     4 |    19 |     2 |     3 ||    28
         Javelin           |       |       |       |    12 |    11 ||    23
         Boomerang         |       |       |       |    17 |    49 ||    66
         Throwing net      |       |       |       |       |     1 ||     1
Ability: Lunge             |       |    13 |    28 |    14 |    42 ||    97
         Whirlwind         |       |       |     6 |     5 |    48 ||    59
  Evoke: Wand              |       |     1 |       |       |       ||     1
         Tin of tremorston |       |       |       |       |     2 ||     2
         Phial of floods   |       |       |       |       |     1 ||     1
         Phantom mirror    |       |       |       |       |     1 ||     1
    Use: Scroll            |       |     6 |       |    11 |    12 ||    29
         Potion            |       |       |     1 |     2 |     6 ||     9
   Stab: Paralysed         |       |     3 |       |       |       ||     3
         Sleeping          |       |       |    11 |     2 |       ||    13
         Petrified         |       |       |       |     3 |       ||     3
         Distracted        |       |       |       |       |     1 ||     1
 Armour: Robe              |    80 |    87 |    98 |    51 |       ||   316
         Skin              |       |       |    26 |       |       ||    26
         Fire dragon scale |       |       |       |   246 |   414 ||   660
  Dodge: Dodged            |    38 |    63 |    50 |    94 |   171 ||   416
  Block: Kite shield       |    38 |    66 |    75 |   171 |   334 ||   684

Table legend: (Time is in decaauts)
 A = Elapsed time spent in this place.
 B = Non-inter-level travel time spent in this place.
 C = Inter-level travel time spent in this place.
 D = Time resting spent in this place.
 E = Time spent auto-exploring this place.
 F = Levels seen in this place.
 G = Mean time per level.
                   A        B        C        D        E       F      G
               +--------+--------+--------+--------+--------+-----+--------+
         Total |  15080 |  13933 |   1147 |   1160 |   8701 |  19 |  793.7 |
       Dungeon |   6936 |   6350 |    586 |     94 |   4471 |  10 |  693.6 |
        Temple |      1 |      1 |      0 |      0 |      0 |   1 |    1.0 |
          Lair |   7107 |   6546 |    561 |    942 |   3826 |   5 | 1421.4 |
         Sewer |    244 |    244 |      0 |      0 |     99 |   1 |  244.0 |
        Bailey |    241 |    241 |      0 |      4 |    107 |   1 |  241.0 |
      Gauntlet |    548 |    548 |      0 |    120 |    198 |   1 |  548.0 |
               +--------+--------+--------+--------+--------+-----+--------+

Top non-repeatable levels by time:
  Lair:4: 1696 daAuts
  Lair:3: 1652 daAuts
  Lair:5: 1423 daAuts
     D:8: 1402 daAuts
  Lair:2: 1185 daAuts
  Lair:1: 1150 daAuts
     D:5: 914 daAuts
     D:2: 882 daAuts
     D:9: 820 daAuts
     D:7: 763 daAuts
     D:4: 742 daAuts
Gauntlet: 548 daAuts
     D:1: 538 daAuts
     D:6: 428 daAuts
     D:3: 383 daAuts
